General information
- name: BNet
- type: Ladder team game (AT/RT)
- host: Battle.net
- saver: ITOUCHZACH.
map: Deadlock
- players: 8
- length: 53:06
- speed: Fast
- version: 1.24 W3XP
- replay type: Public
» download(259 KB)
Players
team 1 (loser)
GhostFacedKilla (
orange | 39 APM | 1934 actions | 50:03)
5 Demon Hunter
2 Immolation
3 Evasion
5 Beastmaster
2 Summon Bear
3 Summon Hawk
3 Priestess of the Moon
2 Trueshot Aura
1 Searing Arrows
2 Paladin
1 Divine Shield
1 Resurrection
» actions
| Assign group hotkey | 39 | |
| Basic commands | 23 | |
| Build / train | 116 | |
| Enter build submenu | 26 | |
| Enter hero's abilities submenu | 15 | |
| Give item / drop item | 2 | |
| Remove unit from queue | 5 | |
| Right click | 679 | |
| Select / deselect | 537 | |
| Select group hotkey | 390 | |
| Use ability | 102 | |
1934 total
» units
| Wisp | 13 | |
| Huntress | 8 | |
| Razormane Medicine Man | 1 | |
| Faerie Dragon | 4 | |
| Druid of the Claw | 5 | |
| Dryad | 11 | |
| Necromancer | 4 | |
| Siege Engine | 10 | |
| Priest | 5 | |
| Gargoyle | 15 | |
76 total
» upgrades
| Strength of the Moon | 1 | |
| Moon Armor | 1 | |
| Druid of the Claw Training | 2 | |
| Upgrade Moon Glaive | 1 | |
| Mark of the Claw | 1 | |
| Strength of the Wild | 2 | |
| Reinforced Hides | 2 | |
| Well Spring | 1 | |
| Abolish Magic | 1 | |
| Web | 0 | |
12 total
» buildings
| Altar of Elders | 1 | |
| Moon Well | 7 | |
| Hunter's Hall | 1 | |
| Ancient of War | 1 | |
| Ancient of Wonders | 1 | |
| Tree of Ages | 1 | |
| Tree of Life | 4 | |
| Ancient of Lore | 2 | |
| Tree of Eternity | 1 | |
| Ancient of Wind | 1 | |
| Temple of the Damned | 1 | |
| Crypt | 1 | |
| Ziggurat | 2 | |
24 total
» build order
00:07 Altar of Elders
00:12 Moon Well
01:01 Hunter's Hall
01:32 Ancient of War
01:56 Ancient of Wonders
02:14 Moon Well
03:26 Moon Well
05:23 Tree of Ages
07:06 Tree of Life
08:06 Moon Well
08:09 Ancient of Lore
08:13 Ancient of Lore
08:14 Tree of Eternity
08:18 Ancient of Wind
08:22 Moon Well
13:26 Moon Well
13:32 Moon Well
14:17 Tree of Life
23:55 Tree of Life
25:58 Temple of the Damned
30:44 Tree of Life
33:58 Crypt
35:46 Ziggurat
35:48 Ziggurat
» items
| Lesser Clarity Potion | 1 | |
| Potion of Healing | 1 | |
| Orb of Venom | 1 | |
3 total
EIGHTEQUALSD (
purple | 54 APM | 2884 actions | 53:04)
5 Archmage
3 Summon Water Elemental
2 Brilliance Aura
4 Mountain King
2 Storm Bolt
2 Thunder Clap
4 Paladin
2 Holy Light
2 Divine Shield
» actions
| Assign group hotkey | 29 | |
| Basic commands | 114 | |
| Build / train | 138 | |
| Enter build submenu | 64 | |
| Enter hero's abilities submenu | 13 | |
| Give item / drop item | 3 | |
| Remove unit from queue | 1 | |
| Right click | 1547 | |
| Select / deselect | 527 | |
| Select group hotkey | 298 | |
| Use ability | 150 | |
2884 total
» units
| Peasant | 30 | |
| Footman | 5 | |
| Gryphon Rider | 8 | |
| Acolyte | 2 | |
45 total
» upgrades
| Defend | 1 | |
| Masonry | 3 | |
| Lumber Harvesting | 2 | |
| Animal War Training | 1 | |
| Storm Hammers | 1 | |
| Armor | 3 | |
| Swords | 3 | |
| Flak Cannons | 1 | |
| Fragmentation Shards | 1 | |
| Barrage | 1 | |
| Flare | 1 | |
| Gunpowder | 3 | |
| Plating | 3 | |
| Cloud | 1 | |
| Flying Machine Bombs | 1 | |
| Backpack | 1 | |
| Long Rifles | 1 | |
28 total
» buildings
| Altar of Kings | 1 | |
| Farm | 14 | |
| Barracks | 1 | |
| Scout Tower | 26 | |
| Arcane Tower | 1 | |
| Lumber Mill | 2 | |
| Arcane Vault | 2 | |
| Keep | 1 | |
| Guard Tower | 18 | |
| Town Hall | 8 | |
| Castle | 1 | |
| Gryphon Aviary | 3 | |
| Blacksmith | 1 | |
| Workshop | 3 | |
82 total
» build order
00:13 Altar of Kings
00:17 Farm
00:27 Barracks
00:58 Farm
01:59 Farm
02:06 Scout Tower
02:33 Arcane Tower
02:48 Farm
03:36 Lumber Mill
03:58 Farm
05:07 Scout Tower
05:16 Arcane Vault
05:18 Keep
05:21 Guard Tower
05:24 Scout Tower
05:27 Scout Tower
05:28 Scout Tower
05:33 Scout Tower
05:46 Guard Tower
05:55 Town Hall
06:07 Guard Tower
06:22 Scout Tower
06:24 Scout Tower
06:26 Scout Tower
06:43 Guard Tower
06:53 Guard Tower
06:57 Guard Tower
07:02 Scout Tower
07:07 Farm
07:39 Guard Tower
08:09 Scout Tower
08:12 Scout Tower
08:16 Scout Tower
08:20 Farm
08:36 Guard Tower
08:43 Castle
08:48 Guard Tower
08:56 Guard Tower
08:57 Gryphon Aviary
09:04 Blacksmith
09:27 Gryphon Aviary
09:56 Scout Tower
10:21 Scout Tower
10:24 Scout Tower
10:26 Scout Tower
10:31 Scout Tower
10:37 Guard Tower
10:51 Guard Tower
11:23 Guard Tower
11:24 Scout Tower
11:39 Guard Tower
11:42 Gryphon Aviary
11:44 Guard Tower
11:47 Scout Tower
12:03 Guard Tower
12:10 Town Hall
12:43 Scout Tower
12:45 Scout Tower
12:48 Scout Tower
12:59 Farm
13:03 Farm
13:10 Farm
13:55 Scout Tower
13:56 Scout Tower
13:58 Scout Tower
15:03 Guard Tower
15:40 Guard Tower
18:14 Workshop
18:16 Workshop
18:22 Workshop
22:58 Town Hall
30:08 Town Hall
30:13 Arcane Vault
30:14 Lumber Mill
34:20 Town Hall
40:14 Town Hall
41:27 Town Hall
49:04 Farm
49:05 Farm
49:06 Farm
49:09 Farm
51:10 Town Hall
» items
| Scroll of Town Portal | 3 | |
| Orb of Fire | 2 | |
| Potion of Healing | 5 | |
| Orb of Venom | 1 | |
| Anti-magic Potion | 1 | |
| Boots of Speed | 3 | |
| Potion of Lesser Invulnerability | 2 | |
| Scroll of Protection | 2 | |
| Circlet of Nobility | 2 | |
| Staff of Teleportation | 1 | |
| Periapt of Vitality | 1 | |
| Scroll of Healing | 1 | |
| Scroll of Regeneration | 2 | |
26 total

»
CloudSR (
red | 73 APM | 1588 actions | 21:39)
4 Dark Ranger
2 Black Arrow
1 Life Drain
1 Silence
» actions
| Assign group hotkey | 48 | |
| Build / train | 75 | |
| ESC pressed | 2 | |
| Enter build submenu | 19 | |
| Enter hero's abilities submenu | 4 | |
| Remove unit from queue | 2 | |
| Right click | 569 | |
| Select / deselect | 293 | |
| Select group hotkey | 524 | |
| Use ability | 52 | |
1588 total
» units
| Acolyte | 7 | |
| Ghoul | 16 | |
| Necromancer | 11 | |
| Banshee | 13 | |
47 total
» upgrades
| Unholy Strength | 2 | |
| Unholy Armor | 2 | |
| Necromancer Training | 2 | |
| Banshee Training | 2 | |
| Skeletal Longevity | 1 | |
| Skeletal Mastery | 1 | |
| Ghoul Frenzy | 1 | |
11 total
» buildings
| Altar of Darkness | 1 | |
| Ziggurat | 10 | |
| Crypt | 2 | |
| Graveyard | 1 | |
| Nerubian Tower | 2 | |
| Spirit Tower | 5 | |
| Halls of the Dead | 2 | |
| Tomb of Relics | 1 | |
| Temple of the Damned | 2 | |
| Black Citadel | 1 | |
| Necropolis | 1 | |
28 total
» build order
00:10 Altar of Darkness
00:14 Ziggurat
00:38 Crypt
01:04 Ziggurat
01:25 Graveyard
01:44 Ziggurat
02:05 Nerubian Tower
02:53 Spirit Tower
03:32 Halls of the Dead
03:48 Ziggurat
04:01 Spirit Tower
05:24 Ziggurat
05:44 Tomb of Relics
06:06 Temple of the Damned
06:30 Temple of the Damned
07:46 Spirit Tower
13:05 Black Citadel
13:46 Ziggurat
13:47 Ziggurat
14:40 Spirit Tower
14:44 Ziggurat
14:50 Ziggurat
15:02 Nerubian Tower
17:12 Necropolis
18:06 Ziggurat
18:26 Crypt
20:07 Spirit Tower
20:52 Halls of the Dead
Brice1021 (
yellow | 30 APM | 661 actions | 21:53)
4 Paladin
2 Divine Shield
2 Holy Light
1 Mountain King
1 Storm Bolt
» actions
| Build / train | 73 | |
| Enter build submenu | 26 | |
| Enter hero's abilities submenu | 5 | |
| Right click | 235 | |
| Select / deselect | 289 | |
| Use ability | 33 | |
661 total
» units
| Peasant | 18 | |
| Footman | 5 | |
| Spell Breaker | 14 | |
| Priest | 2 | |
| Siege Engine | 8 | |
47 total
» upgrades
| Swords | 3 | |
| Plating | 3 | |
| Masonry | 3 | |
| Lumber Harvesting | 2 | |
| Control Magic | 1 | |
| Priest Training | 2 | |
| Barrage | 1 | |
15 total
» buildings
| Altar of Kings | 1 | |
| Barracks | 1 | |
| Farm | 12 | |
| Lumber Mill | 1 | |
| Blacksmith | 1 | |
| Arcane Vault | 1 | |
| Keep | 1 | |
| Arcane Sanctum | 1 | |
| Town Hall | 1 | |
| Castle | 1 | |
| Workshop | 1 | |
22 total
» build order
00:33 Altar of Kings
01:11 Barracks
01:29 Farm
01:54 Lumber Mill
02:07 Blacksmith
02:15 Farm
02:55 Farm
03:12 Arcane Vault
03:43 Farm
04:37 Keep
04:45 Farm
05:45 Farm
06:06 Farm
07:09 Arcane Sanctum
08:03 Farm
08:07 Farm
09:31 Town Hall
11:13 Castle
13:01 Farm
13:44 Farm
15:44 Farm
17:21 Workshop
» items
| Periapt of Vitality | 1 | |
| Circlet of Nobility | 1 | |
2 total
team 2 (winner)

»
iBladeMaster (
pink | 64 APM | 1648 actions | 25:34)
5 Death Knight
3 Death Coil
2 Unholy Aura
3 Lich
2 Frost Nova
1 Frost Armor
» actions
| Assign group hotkey | 80 | |
| Basic commands | 98 | |
| Build / train | 58 | |
| Enter build submenu | 19 | |
| Enter hero's abilities submenu | 8 | |
| Right click | 384 | |
| Select / deselect | 242 | |
| Select group hotkey | 717 | |
| Use ability | 42 | |
1648 total
» units
| Acolyte | 17 | |
| Ghoul | 3 | |
| Crypt Fiend | 4 | |
| Frost Wyrm | 9 | |
33 total
» upgrades
| Creature Attack | 3 | |
| Creature Carapace | 2 | |
| Web | 1 | |
| Freezing Breath | 1 | |
7 total
» buildings
| Graveyard | 1 | |
| Altar of Darkness | 1 | |
| Ziggurat | 9 | |
| Crypt | 1 | |
| Nerubian Tower | 1 | |
| Halls of the Dead | 1 | |
| Tomb of Relics | 1 | |
| Black Citadel | 1 | |
| Sacrificial Pit | 1 | |
| Boneyard | 2 | |
19 total
» build order
01:04 Graveyard
01:07 Altar of Darkness
01:11 Ziggurat
01:16 Ziggurat
01:22 Crypt
02:13 Nerubian Tower
03:40 Halls of the Dead
04:18 Tomb of Relics
04:23 Ziggurat
07:39 Black Citadel
07:44 Sacrificial Pit
10:34 Boneyard
10:38 Boneyard
10:54 Ziggurat
10:55 Ziggurat
12:52 Ziggurat
12:55 Ziggurat
17:24 Ziggurat
17:30 Ziggurat
» items
| Rod of Necromancy | 1 | |
| Orb of Corruption | 2 | |
| Scroll of Town Portal | 2 | |
5 total
owatonka (
blue | 46 APM | 1199 actions | 25:55)
4 Archmage
2 Blizzard
2 Brilliance Aura
3 Pit Lord
2 Rain of Fire
1 Howl of Terror
2 Blood Mage
1 Flame Strike
1 Banish
» actions
| Assign group hotkey | 22 | |
| Basic commands | 73 | |
| Build / train | 55 | |
| Enter build submenu | 26 | |
| Enter hero's abilities submenu | 9 | |
| Right click | 360 | |
| Select / deselect | 365 | |
| Select group hotkey | 243 | |
| Use ability | 46 | |
1199 total
» units
| Peasant | 7 | |
| Footman | 3 | |
| Rifleman | 5 | |
| Mortar Team | 15 | |
30 total
» upgrades
| Gunpowder | 3 | |
| Lumber Harvesting | 2 | |
| Flare | 1 | |
| Fragmentation Shards | 1 | |
| Long Rifles | 1 | |
| Armor | 2 | |
| Swords | 1 | |
11 total
» buildings
| Barracks | 1 | |
| Altar of Kings | 1 | |
| Farm | 13 | |
| Blacksmith | 1 | |
| Keep | 1 | |
| Lumber Mill | 1 | |
| Workshop | 2 | |
| Castle | 1 | |
| Town Hall | 1 | |
| Arcane Vault | 1 | |
| Gryphon Aviary | 1 | |
24 total
» build order
00:08 Barracks
00:15 Altar of Kings
00:21 Farm
01:08 Farm
01:44 Farm
02:20 Farm
02:37 Blacksmith
03:13 Farm
04:00 Farm
04:15 Keep
04:21 Lumber Mill
06:42 Workshop
06:46 Castle
07:47 Workshop
08:56 Farm
12:18 Farm
12:58 Farm
13:42 Farm
14:23 Farm
18:50 Farm
19:30 Farm
23:04 Town Hall
24:08 Arcane Vault
25:44 Gryphon Aviary
ITOUCHZACH. (
green | 49 APM | 2605 actions | 53:06)
8 Mountain King
3 Storm Bolt
3 Bash
1 Avatar
1 Thunder Clap
3 Pit Lord
2 Rain of Fire
1 Cleaving Attack
1 Naga Sea Witch
1 Frost Arrows
» actions
| Assign group hotkey | 49 | |
| Basic commands | 17 | |
| Build / train | 117 | |
| ESC pressed | 1 | |
| Enter build submenu | 27 | |
| Enter hero's abilities submenu | 13 | |
| Give item / drop item | 2 | |
| Right click | 952 | |
| Select / deselect | 376 | |
| Select group hotkey | 893 | |
| Use ability | 158 | |
2605 total
» units
| Peasant | 15 | |
| Footman | 5 | |
| Gryphon Rider | 7 | |
| Mortar Team | 5 | |
32 total
» upgrades
| Masonry | 3 | |
| Lumber Harvesting | 2 | |
| Swords | 2 | |
| Armor | 1 | |
| Storm Hammers | 1 | |
| Cloud | 1 | |
| Fragmentation Shards | 1 | |
| Flare | 1 | |
| Barrage | 1 | |
13 total
» buildings
| Altar of Kings | 1 | |
| Barracks | 1 | |
| Farm | 11 | |
| Scout Tower | 25 | |
| Arcane Tower | 2 | |
| Arcane Vault | 2 | |
| Town Hall | 3 | |
| Lumber Mill | 1 | |
| Keep | 1 | |
| Blacksmith | 1 | |
| Guard Tower | 12 | |
| Castle | 1 | |
| Gryphon Aviary | 3 | |
| Workshop | 2 | |
66 total
» build order
00:08 Altar of Kings
00:23 Barracks
00:39 Farm
00:53 Farm
01:30 Scout Tower
02:02 Arcane Tower
02:08 Farm
02:26 Arcane Vault
02:42 Farm
04:20 Town Hall
04:22 Scout Tower
04:22 Scout Tower
04:35 Lumber Mill
05:15 Arcane Tower
05:48 Keep
06:07 Blacksmith
06:26 Scout Tower
06:27 Scout Tower
06:28 Scout Tower
06:29 Scout Tower
06:30 Scout Tower
06:31 Scout Tower
07:11 Guard Tower
07:36 Guard Tower
07:36 Guard Tower
07:58 Guard Tower
08:20 Guard Tower
09:06 Castle
09:20 Farm
09:21 Farm
09:21 Farm
09:23 Farm
09:44 Gryphon Aviary
10:10 Gryphon Aviary
10:30 Farm
10:30 Farm
11:27 Gryphon Aviary
12:41 Scout Tower
12:42 Scout Tower
12:45 Scout Tower
12:45 Scout Tower
13:51 Guard Tower
14:15 Guard Tower
15:05 Scout Tower
15:05 Scout Tower
15:05 Scout Tower
15:06 Scout Tower
17:00 Guard Tower
17:00 Guard Tower
17:42 Scout Tower
17:43 Scout Tower
17:43 Scout Tower
17:43 Scout Tower
17:43 Scout Tower
17:44 Scout Tower
17:45 Scout Tower
19:04 Guard Tower
19:29 Guard Tower
19:57 Workshop
19:59 Workshop
22:56 Town Hall
33:17 Arcane Vault
37:31 Town Hall
» items
| Scroll of Regeneration | 7 | |
| Staff of Teleportation | 2 | |
| Potion of Lesser Invulnerability | 4 | |
| Scroll of Healing | 4 | |
| Scroll of Town Portal | 10 | |
| Potion of Healing | 4 | |
| Staff of Sanctuary | 1 | |
| Lesser Clarity Potion | 3 | |
| Orb of Fire | 1 | |
36 total
SonOfDiablo (
teal | 17 APM | 905 actions | 53:05)
2 Warden
1 Fan of Knives
1 Shadow Strike
1 Mountain King
1 Thunder Clap
» actions
| Assign group hotkey | 2 | |
| Build / train | 32 | |
| Enter build submenu | 19 | |
| Enter hero's abilities submenu | 3 | |
| Give item / drop item | 2 | |
| Right click | 595 | |
| Select / deselect | 202 | |
| Select group hotkey | 16 | |
| Use ability | 34 | |
905 total
» units
| Wisp | 10 | |
| Huntress | 8 | |
| Glaive Thrower | 4 | |
| Frost Wyrm | 1 | |
| Ghoul | 1 | |
24 total
» upgrades
| Strength of the Moon | 1 | |
| Moon Armor | 1 | |
2 total
» buildings
| Moon Well | 9 | |
| Altar of Elders | 1 | |
| Ancient of War | 2 | |
| Hunter's Hall | 1 | |
| Tree of Ages | 1 | |
| Ancient of Lore | 3 | |
| Ancient of Wonders | 1 | |
| Tree of Life | 1 | |
19 total
» build order
00:39 Moon Well
00:56 Altar of Elders
02:08 Ancient of War
02:27 Ancient of War
03:42 Hunter's Hall
03:49 Moon Well
05:19 Moon Well
05:22 Moon Well
06:33 Moon Well
06:36 Moon Well
07:51 Moon Well
07:53 Moon Well
09:11 Moon Well
13:46 Tree of Ages
19:38 Ancient of Lore
19:52 Ancient of Lore
19:58 Ancient of Lore
21:47 Ancient of Wonders
24:27 Tree of Life
» items
Chat log
(00:07 / Allies) SonOfDiablo: huntress and seige
(00:09 / 8) EIGHTEQUALSD: what to do
(00:26 / Allies) owatonka: aa
(00:27 / Allies) SonOfDiablo: attack very early
(00:46 / Allies) SonOfDiablo: this night
(01:12 / Allies) SonOfDiablo: green u
(02:16 / Allies) SonOfDiablo: attack this night?
(02:41 / Allies) SonOfDiablo: wheneva night meet here
(02:54 / Allies) SonOfDiablo: we going for him
(04:59 / Allies) ITOUCHZACH.: i got aa, can u guys getmelee
(05:09 / Allies) SonOfDiablo: getting huntress
(05:36 / Allies) ITOUCHZACH.: gold
(06:34 / Allies) ITOUCHZACH.: woodplz
(06:39 / 8) EIGHTEQUALSD: how bad are your allies
(06:54 / Allies) SonOfDiablo: 6 huntress =D
(07:42 / Allies) SonOfDiablo: 8huntress
(07:56 / 8) EIGHTEQUALSD: pink sucks
(08:00 / Allies) ITOUCHZACH.: wood plz
(08:11 / Allies) SonOfDiablo: i got 200 green
(08:36 / Allies) ITOUCHZACH.: dont hit purple
(08:36 / Allies) ITOUCHZACH.: guys
(08:39 / Allies) SonOfDiablo: 6 seige and 8 huntress
(09:03 / Allies) SonOfDiablo: zomg pink
(09:56 / Allies) SonOfDiablo: guys atk here
(10:10 / 8) EIGHTEQUALSD: dear god
(10:12 / 8) EIGHTEQUALSD: red is such a retard
(10:20 / Allies) iBladeMaster: out out
(11:33 / Allies) ITOUCHZACH.: wood plz
(11:34 / Allies) ITOUCHZACH.: get back teal
(11:37 / Allies) ITOUCHZACH.: wood
(11:39 / Allies) ITOUCHZACH.: come on
(11:39 / Allies) ITOUCHZACH.: wood
(12:01 / Allies) SonOfDiablo: this is my base dumbass
(12:27 / Allies) iBladeMaster: wood me plz
(12:35 / Allies) SonOfDiablo: sry only 100
(13:35 / Allies) SonOfDiablo: when we atk FULL FORCE AGAIN HERE
(13:59 / Allies) SonOfDiablo: yes pink gj on frosties
(14:05 / Allies) SonOfDiablo: but get more
(14:15 / Allies) iBladeMaster: am
(14:27 / 8) EIGHTEQUALSD: go to red
(14:32 / Allies) SonOfDiablo: kk gj on griffs green
(14:34 / Allies) ITOUCHZACH.: lets hit red
(14:35 / Allies) ITOUCHZACH.: guys
(14:35 / 8) EIGHTEQUALSD: well
(14:39 / 8) EIGHTEQUALSD: you could rape any of them
(14:43 / 8) EIGHTEQUALSD: they're all just sittin in their base
(14:44 / 8) EIGHTEQUALSD: kill orange
(14:46 / 8) EIGHTEQUALSD: just bears
(14:50 / Allies) ITOUCHZACH.: meet
(15:46 / Allies) SonOfDiablo: get main and towers
(15:50 / 8) EIGHTEQUALSD: i am gay
(16:54 / Allies) owatonka: b
(17:11 / Allies) SonOfDiablo: we need more melee -.-
(17:22 / All) ITOUCHZACH.: "we need more melee" - teal
(17:28 / Allies) SonOfDiablo: -.-
(17:58 / Allies) SonOfDiablo: reds gonna atk me -.-
(18:05 / Allies) iBladeMaster: i'll tp in
(18:11 / Allies) iBladeMaster: i got 6 frosts 3 fiends
(18:22 / Allies) SonOfDiablo: pink get GOOD Melee
(18:36 / Allies) SonOfDiablo: green try to get some knights
(18:37 / Allies) iBladeMaster: bruhh i cant i upgraded air/aa
(18:43 / Allies) SonOfDiablo: same for u blue
(18:50 / Allies) iBladeMaster: stop making hunts
(18:55 / Allies) iBladeMaster: and make mgs..
(19:00 / Allies) SonOfDiablo: their best melee i got
(19:07 / Allies) iBladeMaster: bears r best melee
(19:08 / Allies) iBladeMaster: not hunts
(19:13 / Allies) SonOfDiablo: mgs will replace me seige
(19:15 / Allies) ITOUCHZACH.: hit red
(19:16 / Allies) ITOUCHZACH.: idiots
(19:17 / Allies) ITOUCHZACH.: wow
(19:19 / Allies) ITOUCHZACH.: hit red
(19:19 / Allies) ITOUCHZACH.: hit red
(19:20 / Allies) ITOUCHZACH.: and tp
(19:22 / Allies) ITOUCHZACH.: jesus
(19:23 / 8) EIGHTEQUALSD: god these guys are bad
(19:28 / Allies) iBladeMaster: iight lets go
(19:50 / Allies) SonOfDiablo: hit red again?
(20:16 / Allies) ITOUCHZACH.: hit red
(20:16 / Allies) ITOUCHZACH.: gogo
(20:18 / 8) EIGHTEQUALSD: rofl
(20:20 / 8) EIGHTEQUALSD: going to rape blue
(20:57 / Allies) ITOUCHZACH.: hit red
(20:58 / Allies) ITOUCHZACH.: damit
(21:01 / Allies) SonOfDiablo: pink freeze
(21:03 / Allies) iBladeMaster: we r stfu
(21:04 / Allies) owatonka: dude look where u r
(21:19 / 8) EIGHTEQUALSD: jesus christ
(21:33 / Allies) SonOfDiablo: happy
(21:54 / Allies) SonOfDiablo: lol gj guys
(21:55 / Allies) owatonka: wtf man
(21:57 / Allies) owatonka: ur a clown
(21:58 / All) ITOUCHZACH.: wow
(22:12 / Allies) SonOfDiablo: not yellow
(22:13 / All) ITOUCHZACH.: ur team left?
(22:16 / Allies) SonOfDiablo: he left
(22:25 / Allies) SonOfDiablo: red and yellow did
(22:29 / All) owatonka: lol that nigga lost his base
(22:36 / Allies) SonOfDiablo: mass giants =D
(22:54 / Allies) SonOfDiablo: fuck
(23:13 / Allies) ITOUCHZACH.: tp pink
(23:14 / Allies) owatonka: i have no units
(24:00 / 8) EIGHTEQUALSD: god damn gay nigger pink
(24:04 / 8) EIGHTEQUALSD: i would make something else if i wasn't so lazy
(24:07 / Allies) SonOfDiablo: get purp
(24:38 / All) ITOUCHZACH.: for rome
(24:41 / All) ITOUCHZACH.: and a new dawn
(24:46 / All) ITOUCHZACH.: for the glory of the empire
(24:47 / All) iBladeMaster: wtf green
(24:50 / Allies) SonOfDiablo: hit oj and purp
(25:07 / Allies) SonOfDiablo: wtf
(25:11 / All) iBladeMaster: gg
(25:16 / Allies) ITOUCHZACH.: wait pink
(25:18 / All) iBladeMaster: green bsed me
(25:18 / All) ITOUCHZACH.: im sorry pink
(25:20 / All) ITOUCHZACH.: ill stop
(25:30 / All) EIGHTEQUALSD: don't make excuses
(25:32 / Allies) SonOfDiablo: greens a uber noob
(25:50 / 8) EIGHTEQUALSD: where are you
(26:37 / All) GhostFacedKilla: gg
(27:08 / All) GhostFacedKilla: just leave
(27:13 / All) ITOUCHZACH.: ok buddy
(27:19 / All) ITOUCHZACH.: i cant mess with u oj
(27:24 / All) SonOfDiablo: green was team killin pink
(27:33 / All) EIGHTEQUALSD: why do you feel the need to make up excuses
(27:36 / All) SonOfDiablo: and RPING IT
(27:37 / All) GhostFacedKilla: thats gay
(27:49 / All) SonOfDiablo: like a new age of rome
(27:50 / All) GhostFacedKilla: well i wanna watch the world cup
(27:53 / All) GhostFacedKilla: so its over
(28:07 / Allies) ITOUCHZACH.: teal stay
(28:07 / Allies) ITOUCHZACH.: ok
(28:08 / Allies) ITOUCHZACH.: buddy
(28:10 / 8) EIGHTEQUALSD: above teal's old base
(28:12 / All) SonOfDiablo: kk
(28:13 / 8) EIGHTEQUALSD: then he'll have no gold
(28:21 / All) SonOfDiablo: i wanna stay to piss off oj
(28:23 / Allies) ITOUCHZACH.: purple is my friend
(28:26 / Allies) ITOUCHZACH.: he is going to backstab orange
(28:36 / All) SonOfDiablo: lol
(28:46 / All) SonOfDiablo: orly
(29:26 / 8) EIGHTEQUALSD: sending some breakers to you for food
(29:36 / All) GhostFacedKilla: so fucking annoying dude
(30:04 / 8) EIGHTEQUALSD: rofl
(30:37 / 8) EIGHTEQUALSD: how much gold do you have
(30:44 / All) SonOfDiablo: rofl
(30:49 / 8) EIGHTEQUALSD: k good
(31:01 / 8) EIGHTEQUALSD: i'm ready
(31:54 / All) ITOUCHZACH.: im gay
(31:57 / All) SonOfDiablo: so is he green?
(31:58 / All) GhostFacedKilla: yes you are
(32:00 / 8) EIGHTEQUALSD: rofl
(32:11 / 8) EIGHTEQUALSD: just killed his expansion with yellow's tanks
(32:59 / 8) EIGHTEQUALSD: bout to take over the last gold mine
(33:16 / Allies) SonOfDiablo: is he green??
(33:20 / Allies) ITOUCHZACH.: is he what
(33:34 / Allies) SonOfDiablo: private msg him
(33:37 / Allies) ITOUCHZACH.: he is
(33:44 / Allies) SonOfDiablo: kk
(33:49 / Allies) SonOfDiablo: tell me when
(33:51 / 8) EIGHTEQUALSD: 12k
(33:53 / 8) EIGHTEQUALSD: rofl
(34:04 / Allies) SonOfDiablo: kk here
(34:50 / 8) EIGHTEQUALSD: inc paly
(35:15 / 8) EIGHTEQUALSD: kill red expo next
(35:54 / Allies) SonOfDiablo: build more towas
(36:24 / Allies) SonOfDiablo: u got over 5k of both lumber and gold
(36:33 / All) EIGHTEQUALSD: your shit is in my way
(36:33 / All) GhostFacedKilla: for some reason
(36:39 / All) GhostFacedKilla: purp started killing me
(36:45 / Allies) SonOfDiablo: ROFL
(36:46 / All) GhostFacedKilla: this is retarded
(36:47 / All) ITOUCHZACH.: go watch the world cup you clown
(36:48 / All) EIGHTEQUALSD: move pls
(37:15 / Allies) SonOfDiablo: LOL
(37:26 / 8) EIGHTEQUALSD: almost 20k now
(38:14 / Allies) SonOfDiablo: wow oj sux
(38:21 / All) ITOUCHZACH.: talk in all chat teal
(38:25 / All) ITOUCHZACH.: say what you said about orange
(38:36 / All) SonOfDiablo: oj u sux
(38:41 / All) SonOfDiablo: lol
(38:43 / All) GhostFacedKilla: lol
(38:45 / All) ITOUCHZACH.: he speaks thet ruth oj
(38:48 / All) GhostFacedKilla: wow you got me good
(38:57 / All) ITOUCHZACH.: dont blame purple, my team had a stabber too
(39:02 / All) SonOfDiablo: 2v1
(39:02 / All) ITOUCHZACH.: this is 4v4rt
(39:20 / All) GhostFacedKilla: w/e idc anymore goin afk
(39:28 / All) ITOUCHZACH.: bathroom brb
(39:33 / All) ITOUCHZACH.: ill give teal control
(39:36 / All) ITOUCHZACH.: teal kill yellows base
(39:39 / All) SonOfDiablo: lol YAYZ
(39:48 / All) ITOUCHZACH.: and oj
(39:58 / All) SonOfDiablo: i rock oj
(40:13 / All) SonOfDiablo: and u sux
(40:16 / All) SonOfDiablo: purp awsome
(40:20 / All) SonOfDiablo: =D
(40:28 / All) EIGHTEQUALSD: 8=D
(40:38 / All) SonOfDiablo: 8=========D
(41:19 / All) ITOUCHZACH.: good work van wildler
(41:22 / All) EIGHTEQUALSD: i am winning the clicking war
(41:29 / All) ITOUCHZACH.: this game had awful players
(41:37 / 8) EIGHTEQUALSD: wisp right below you
(41:39 / 8) EIGHTEQUALSD: in those trees
(41:44 / All) SonOfDiablo: pink =D
(41:56 / All) ITOUCHZACH.: teals actually controlling my units
(42:03 / All) ITOUCHZACH.: make griffs and feed my hero, getting second one
(42:20 / 8) EIGHTEQUALSD: brb
(43:06 / All) SonOfDiablo: everything is gone exept purp =D
(44:16 / All) ITOUCHZACH.: so much for oj being afk
(44:24 / 8) EIGHTEQUALSD: no that's me
(44:30 / 8) EIGHTEQUALSD: i just don't want that shit attacking your gryphons
(44:35 / All) ITOUCHZACH.: oh
(44:47 / All) EIGHTEQUALSD: how much gold do you have sir
(44:47 / All) ITOUCHZACH.: let me control pitlord teal
(44:51 / All) ITOUCHZACH.: 6k
(44:59 / All) EIGHTEQUALSD: god damn i have almost 30k
(45:07 / All) ITOUCHZACH.: nice
(45:11 / All) ITOUCHZACH.: put ur griffs in middle
(45:15 / All) ITOUCHZACH.: on "Move"
(45:24 / All) SonOfDiablo: gimmie some gold
(45:28 / All) SonOfDiablo: lz
(45:30 / All) EIGHTEQUALSD: who was teal again
(45:31 / All) SonOfDiablo: 100
(45:32 / All) EIGHTEQUALSD: i don't remember
(45:37 / All) ITOUCHZACH.: teal was night elf, had hunts
(45:41 / All) ITOUCHZACH.: and glaives lawl
(45:58 / All) ITOUCHZACH.: i like teal
(46:00 / All) EIGHTEQUALSD: i wish more people had stayed
(46:09 / All) SonOfDiablo: yea -.-
(46:09 / All) EIGHTEQUALSD: everyone could be watching this
(46:13 / All) ITOUCHZACH.: i know, games with 5 plus people with stabbers is always fun
(46:24 / All) EIGHTEQUALSD: gryphons patrolling the middle
(46:30 / All) ITOUCHZACH.: bring to pitlord
(46:41 / All) EIGHTEQUALSD: what exactly do you intend to do
(46:44 / All) EIGHTEQUALSD: they might kill you
(46:52 / All) ITOUCHZACH.: mk giving me orb
(47:48 / All) ITOUCHZACH.: u should try this pc game called dungeon siege 2, its like a diablo 2 clone and its co-op online
(47:50 / All) EIGHTEQUALSD: nice
(47:52 / All) ITOUCHZACH.: should only be 10 buck
(47:53 / All) EIGHTEQUALSD: no upkeep
(47:54 / All) ITOUCHZACH.: s
(48:04 / All) SonOfDiablo: i heard of it
(48:32 / All) ITOUCHZACH.: should we give teal's team the win? oj was a clown he doesn't deserve it
(48:35 / All) ITOUCHZACH.: unless you object
(48:56 / All) EIGHTEQUALSD: i feel as if teal deserves a win as well
(48:59 / All) EIGHTEQUALSD: although pink was a fag
(49:18 / All) ITOUCHZACH.: pink was only 3-2, he was awful
(49:26 / All) EIGHTEQUALSD: he just annoyed me
(49:29 / All) EIGHTEQUALSD: tried too hard to kill me
(49:34 / All) SonOfDiablo: lol
(50:04 / All) ITOUCHZACH.: i always hate tanks and dryads in 4v4rt, especially when stabbing, such a painin the ass
(50:15 / All) EIGHTEQUALSD: dryads are so bland
(50:21 / All) SonOfDiablo: yea >.>
(50:50 / All) EIGHTEQUALSD: i'm literally harvesting almost 100g every second
(50:57 / All) ITOUCHZACH.: im glad you aren't high or drunk this game, you're more coherrent
(51:30 / All) EIGHTEQUALSD: yeah i suppose so lol
(52:05 / All) ITOUCHZACH.: new game after this or are you done for a while? I know im going swimming in a few hours
(52:07 / All) ITOUCHZACH.: hot as hell
(52:32 / All) EIGHTEQUALSD: i'm probably going to leave for a little bit
(52:59 / All) EIGHTEQUALSD: aight i suppose this can end